 Dungeon Crawl Stone Soup version 0.29.1-15-g9cfb28693d (webtiles) character file.

Game seed: 11626729551130074427

13 protoss039 the Sneak (level 2, 0/15 HPs)
             Began as a Tengu Enchanter on Mar 24, 2023.
             Slain by a worm (8 damage)
             ... on level 2 of the Dungeon.
             The game lasted 00:01:35 (1056 turns).

protoss039 the Sneak (Tengu Enchanter)              Turns: 1056, Time: 00:01:36

Health: 0/15       AC:  2    Str:  8    XL:     2   Next: 37%
Magic:  0/6        EV: 12    Int: 15    God:
Gold:   55         SH:  0    Dex: 14    Spells: 3/5 levels left

rFire   . . .      SeeInvis .   a - +1 dagger
rCold   . . .      Faith    .   (no shield)
rNeg    . . .      Spirit   .   b - +0 robe
rPois   .          Reflect  .   (helmet restricted)
rElec   .          Harm     .   (no cloak)
rCorr   .          Rampage  .   (no gloves)
Will    .....                   (boots unavailable)
Stlth   ++........              (no amulet)
HPRegen 0.05/turn               (no ring)
MPRegen 0.10/turn               (no ring)

@: very slightly contaminated
A: beak, talons 3
a: no special abilities


You were on level 2 of the Dungeon.
You visited 1 branch of the dungeon, and saw 2 of its levels.

You collected 55 gold pieces.

Inventory:

Hand Weapons
 a - a +1 dagger (weapon)
Armour
 b - a +0 robe (worn)
Scrolls
 d - a scroll of vulnerability {unknown}
 f - 3 scrolls of identify {unknown}
 h - a scroll of noise {unknown}
 i - a scroll of teleportation {unknown}
 j - a scroll of fear {unknown}
Potions
 c - 2 potions of invisibility
 e - a potion of might {unknown}
 g - a potion of curing {unknown}


   Skills:
 * Level 0.2 Fighting
 + Level 1.3 Short Blades
 * Level 2.4 Dodging
 * Level 3.3 Stealth
 + Level 2.0 Spellcasting
 + Level 2.2 Hexes
 + Level 0.0 Ice Magic


You had 3 spell levels left.
You knew the following spells:

 Your Spells              Type           Power      Damage    Failure   Level
a - Ensorcelled Hibernat  Hex/Ice        8%         N/A       22%         2

Your spell library contained the following spells:

 Spells                   Type           Power      Damage    Failure   Level
 Shock                    Conj/Air       4%         1d3       22%         1
 Confusing Touch          Hex            8%         N/A       26%         3
 Tukima's Dance           Hex            8%         N/A       26%         3
 Dazzling Flash           Conj/Hex       8%         N/A       38%         3
 Swiftness                Air            1%         N/A       54%         3
 Airstrike                Air            0%         2d(1-17)  91%         4


Dungeon Overview and Level Annotations

Branches:
Dungeon (2/15) Zot: 10944

Altars:


Innate Abilities, Weirdness & Mutations

You have a beak for a mouth.
You have claws for feet.


Message History

You finish memorising.
Spell assigned to 'a'.
Okay, then.
You climb downwards.
Found 6 gold pieces and a spear.
Found an escape hatch in the ceiling.
There is a stone staircase leading up here.
Unknown command.
There are monsters nearby!
There are monsters nearby!
You see here 6 gold pieces.
The worm bites you but does no damage.
You hit the worm. You claw the worm.
The worm is heavily wounded.
Casting: Ensorcelled Hibernation (safe; 22% risk of failure)
Confirm with . or Enter, or press ? or * to list all spells.
Aiming: Ensorcelled Hibernation (safe; 22% risk of failure)
Press: ? - help, Shift-Dir - straight line, f - worm
Aim: a worm (heavily wounded, chance to affect: 46%)
The worm resists with some effort.
The worm closely misses you.
Unknown command.
You barely miss the worm.
The worm is moderately wounded.
The worm bites you!
Ouch! That really hurt!
Casting: Ensorcelled Hibernation (safe; 22% risk of failure)
Confirm with . or Enter, or press ? or * to list all spells.
Aiming: Ensorcelled Hibernation (safe; 22% risk of failure)
Press: ? - help, Shift-Dir - straight line, f/p - worm
Aim: a worm (moderately wounded, chance to affect: 46%)
You miscast Ensorcelled Hibernation.
You are very lightly contaminated with residual magic.
Nothing appears to happen.
Unknown command.
Casting: Ensorcelled Hibernation (safe; 22% risk of failure)
Confirm with . or Enter, or press ? or * to list all spells.
Aiming: Ensorcelled Hibernation (safe; 22% risk of failure)
Press: ? - help, Shift-Dir - straight line, f/p - worm
Aim: a worm (moderately wounded, chance to affect: 46%)
The worm resists with some effort.
The worm bites you!
Ouch! That really hurt!
You die...

##.####
#.....
#J.... ....
. ... ..
####.## #..
##.....## ..
##....<..#.#
#......$@..#
#........w##
#.........#
#.........#
#.......).#
#.......<.#
#.........#
#.........#


You could see a worm and an endoplasm (asleep).

Vanquished Creatures
  2 endoplasms (D:1)
  A giant cockroach (D:1)
  4 kobolds (D:1)
  A ball python (D:1)
  A bat (D:1)
  A frilled lizard (D:1)
  2 goblins (D:1)
  A rat (D:1)
13 creatures vanquished.

Notes
Turn   | Place    | Note
-------+----------+-------------------------------------------
     0 | D:1      | protoss039 the Tengu Enchanter began the quest for the Orb.
     0 | D:1      | Reached XP level 1. HP: 10/10 MP: 4/4
   170 | D:1      | Found a faded altar of an unknown god.
   241 | D:1      | Reached XP level 2. HP: 15/15 MP: 6/6
  1048 | D:1      | Learned a level 2 spell: Ensorcelled Hibernation
  1056 | D:2      | Slain by a worm

Illustrated notes

Levels and vault maps discovered:
D:1:      ncdulo_halloftheorcs, layout_loops_corners,
          shapermc_ecumenical_altar_venn
D:2:      layout_rooms, minmay_hedge_maze, minmay_tetromino_i4, uniq_terence,
          uniq_jessica

Action                   || total
-------------------------++-------
Melee: Dagger            ||    25
       Kick              ||     4
       Peck              ||     2
 Cast: Ensorcelled Hiber ||     2
 Stab: Sleeping          ||     5
Armor: Robe              ||     4
Dodge: Dodged            ||    15
